 Dungeon Crawl Stone Soup version 0.30-a0-1103-g25895a7845 (webtiles) character file.

Game seed: 18210612284771805059

17133 jasper the Fighter (level 12, -3/120 (133) HPs)
             Began as an Ogre Fighter on Apr 18, 2023.
             Was an Elder of Fedhas.
             Killed from afar by Josephine (40 damage)
             ... with a ghostly fireball
             ... on level 11 of the Dungeon.
             The game lasted 00:19:48 (9406 turns).

jasper the Fighter (Ogre Fighter)                   Turns: 9406, Time: 00:19:49

HP:   -3/120 (133)  AC: 10    Str: 23    XL:     12   Next: 44%
MP:   11/18         EV:  8    Int: 13    God:    Fedhas [****..]
Gold: 1431          SH: 16    Dex:  8    Spells: 7/11 levels left

rFire   . . .      SeeInvis .      - Unarmed
rCold   . . .      Faith    .    b - +1 kite shield
rNeg    . . .      Spirit   .    q - +0 troll leather armour
rPois   .          Reflect  +    (helmet restricted)
rElec   .          Rampage  .    G - +0 cloak
rCorr   .                        (gloves unavailable)
Will    +....                    (boots unavailable)
Stlth   +                        P - amulet of reflection
HPRegen 1.20/turn                i - +4 ring of slaying
MPRegen 0.16/turn                c - +4 ring of protection

@: slowed, drained, very slow
A: large, unfitting armour, tough skin 1, claws 1
a: Renounce Religion, Wall of Briars, Grow Ballistomycete, Overgrow


You were on level 11 of the Dungeon.
You worshipped Fedhas.
Fedhas was greatly pleased with you.
You visited 1 branch of the dungeon, and saw 11 of its levels.
You also visited: Bailey.

You collected 1431 gold pieces.

Inventory:

Missiles
 o - a boomerang (quivered)
 x - 5 throwing nets
 y - 6 javelins
 F - 6 atropa-tipped darts
 N - 4 large rocks
Armour
 a - a +0 robe
 b - a +1 kite shield (worn)
 q - a +0 troll leather armour (worn)
 A - +0 steam dragon scales
 G - a +0 cloak (worn)
Jewellery
 c - a +4 ring of protection (right claw)
 g - a +6 ring of intelligence
 i - a +4 ring of slaying (left claw)
 k - a +6 ring of strength
 s - an amulet of the acrobat
 z - an amulet of magic regeneration
 H - a ring of poison resistance
 P - an amulet of reflection (around neck)
 Q - a +4 ring of protection
Wands
 f - a wand of flame (41)
 u - a wand of mindburst (4)
 v - a wand of charming (20)
Scrolls
 d - 7 scrolls of identify
 h - a scroll of enchant armour
 j - 3 scrolls of magic mapping
 m - 3 scrolls of blinking
 t - a scroll of immolation
 w - 4 scrolls of vulnerability
 B - a scroll of fear
 C - 2 scrolls of teleportation
 E - a scroll of fog
 I - 3 scrolls of enchant weapon
 M - 2 scrolls of poison
Potions
 e - 4 potions of brilliance
 l - 4 potions of flight
 n - 3 potions of attraction
 p - a potion of resistance
 r - 2 potions of mutation
 D - a potion of invisibility
 J - 3 potions of heal wounds
 K - a potion of haste
 L - 4 potions of curing
 O - a potion of ambrosia {unknown}


   Skills:
 + Level 12.8 Fighting
 - Level 2.6 Dodging
 + Level 10.0 Shields
 * Level 12.3 Unarmed Combat
 - Level 8.0 Invocations


You had 7 spell levels left.
You knew the following spells:

 Your Spells              Type           Power      Damage    Failure   Level
a - Blink                 Tloc           0%         N/A       69%         2
b - Passwall              Tmut/Erth      0%         N/A       69%         2

Your spell library contained the following spells:

 Spells                   Type           Power      Damage    Failure   Level
 Sandblast                Erth           0%         2d4       54%         1
 Summon Small Mammal      Summ           0%         N/A       54%         1
 Call Canine Familiar     Summ           0%         N/A       89%         3
 Ozocubu's Armour         Ice            0%         N/A       89%         3
 Stone Arrow              Conj/Erth      0%         3d7       89%         3
 Summon Guardian Golem    Hex/Summ       0%         N/A       89%         3
 Manifold Assault         Tloc           0%         N/A       100%        4
 Alistair's Intoxication  Tmut/Pois      0%         N/A       100%        5
 Borgnjor's Vile Clutch   Necr/Erth      0%         N/A       100%        5
 Metabolic Englaciation   Hex/Ice        0%         N/A       100%        5
 Eringya's Noxious Bog    Tmut/Pois      0%         N/A       100%        6
 Simulacrum               Ice/Necr       0%         N/A       100%        6
 Storm Form               Tmut/Air       0%         N/A       100%        7


Dungeon Overview and Level Annotations

Branches:
Dungeon (11/15)            Temple (0/1) D:5            Lair (0/5) D:10
 Bailey (visited)
    Orc: D:9-12

Altars:
Ashenzari
Cheibriados
Fedhas
Nemelex Xobeh
Okawaru
Qazlal
Sif Muna
Uskayaw
Xom
Yredelemnul

Shops:
D:8 :   D:11 (

Annotations:
D:4 Edmund
D:10 2 runed translucent doors, BlueFalcon's ghost, novice DsGl
D:11 Josephine


Innate Abilities, Weirdness & Mutations

You are too large for most types of armour.
You have tough skin. (AC +1)
You have sharp fingernails.


Message History

Your wandering mushroom closely misses the wraith.
You block the wraith's attack.
Josephine says, "How about some decapitation?"
Your oklob sapling spits acid at the wraith.
The splash of acid hits the gnoll!!
The acid corrodes the gnoll!
The gnoll dies!
Fedhas appreciates your contribution to the ecosystem.
Your wandering mushroom releases spores at the wraith.
Your Shields skill increases to level 10!
You take 3 damage, and have 66/133 hp.
You mangle the wraith!!
The wraith is severely damaged.
Something hits you! You block the wraith's attack.
The wraith hits you but does no damage. Josephine casts a spell at you.
The ghostly flame explodes!
The ghostly fireball engulfs the wraith.
The wraith completely resists.
The ghostly fireball engulfs Josephine.
Josephine completely resists.
The ghostly fireball engulfs you!!
You feel drained.
The ghostly fireball engulfs the wraith.
The wraith completely resists.
The ghostly fireball engulfs the wraith.
The wraith completely resists.
The wraith hits you.
* * * LOW HITPOINT WARNING * * *
Your wandering mushroom releases spores at the wraith.
The wraith hits your wandering mushroom!
The wraith drains your wandering mushroom's vigour!
Your wandering mushroom seems to slow down.
The wraith barely misses you.
The wraith hits your wandering mushroom but does no damage.
The wraith closely misses you.
Josephine points at you and mumbles some strange words.
The ghostly flame explodes!
The ghostly fireball engulfs the wraith.
The wraith completely resists.
The ghostly fireball engulfs Josephine.
Josephine completely resists.
The ghostly fireball engulfs something!
The ghostly fireball engulfs you!!!
You feel drained.
You die...
Fedhas appreciates your contribution to the ecosystem.

..............#
#............#
............#
............#
..
............#
..
............#
..
............#
..
............#
..
..........W@##
..
.........@WWf#
.#
#####))..WWP#
.#
.....'......P#
.#
.....#......##
.#
.....#......#
.# ....
#......# .# ..
#......# ## #
#......#


You could see Josephine (distracted), 5 wraiths, a friendly wandering mushroom
(summoned, slow) and 2 friendly oklob saplings.

Vanquished Creatures
  3 two-headed ogres
  3 death yaks (D:10)
  Nergalle (D:11)
  A cyclops (D:11)
  An ugly thing (D:11)
  2 manticores (D:11)
  Psyche (D:11)
  A kobold demonologist (D:11)
  An unseen horror (D:10)
  A hornet (D:11)
  3 trolls
  A shadow (D:9)
  4 yaks (D:9)
  4 wyverns
  6 wraiths
  2 steam dragons
  3 vampire mosquitoes (D:10)
  2 chaos spawn (D:8)
  Menkaure (D:7)
  An acid dragon (D:11)
  A water moccasin (D:9)
  2 sky beasts
  An ice beast (D:7)
  A black bear (D:6)
  A boggart (D:11)
  9 orc warriors
  An ogre (D:6)
  8 centaurs
  3 kobold brigands
  2 bullfrogs
  4 gnoll sergeants
  4 scorpions
  13 wights
  4 howler monkeys
  4 gnoll boudas (D:6)
  5 orc priests
  3 hounds (D:6)
  2 jellies
  12 orc wizards
  Natasha (thrice) (D:3)
  A hell rat (D:10)
  18 gnolls
  10 adders
  A shadow imp (D:8)
  3 white imps
  A worm (D:2)
  3 dart slugs
  47 orcs
  5 ball pythons
  4 bats
  5 endoplasms
  A giant cockroach (D:3)
  9 goblins
  12 hobgoblins
  5 jackals
  9 kobolds
  5 quokkas
  8 rats
  A spectral orc (D:9)
  A ballistomycete spore (D:10)
274 creatures vanquished.

Vanquished Creatures (collateral kills)
  A hydra (D:9)
  An orc knight (Bailey)
  Maurice (D:9)
  2 yaks (D:9)
  A centaur (D:9)
  A gnoll (D:11)
  3 orcs (Bailey)
  20 ballistomycete spores
30 creatures vanquished.

Vanquished Creatures (others)
  An orc wizard (D:11)
  A ballistomycete spore (D:9)
  33 plants
35 creatures vanquished.

Grand Total: 339 creatures vanquished

Notes
Turn   | Place    | Note
-------+----------+-------------------------------------------
     0 | D:1      | jasper the Ogre Fighter began the quest for the Orb.
     0 | D:1      | Reached XP level 1. HP: 24/24 MP: 1/1
   326 | D:1      | Reached XP level 2. HP: 20/32 MP: 2/2
   806 | D:2      | Reached XP level 3. HP: 24/40 MP: 3/3
   905 | D:2      | Found a blossoming altar of Fedhas.
   956 | D:2      | Found a faded altar of an unknown god.
   994 | D:2      | Became a worshipper of Fedhas Madash
  1107 | D:2      | Identified the +1 dagger "Muuc" {flame, rC- rN+ Str+3
                  | Dex+4}
  1163 | D:2      | HP: 2/40 [adder (2)]
  1164 | D:2      | Gained mutation: You have sharp fingernails. [potion of
                  | mutation]
  1416 | D:2      | Learned a level 2 spell: Blink
  1748 | D:3      | Reached XP level 4. HP: 49/49 MP: 4/4
  1807 | D:3      | Reached skill level 1 in Invocations
  2085 | D:3      | Reached * piety under Fedhas
  2108 | D:3      | Reached XP level 5. HP: 55/55 MP: 5/5
  2123 | D:3      | Identified the +1 ring mail of Zyihoergh {Dex+2 SInv}
  2158 | D:3      | Reached skill level 5 in Fighting
  2527 | D:3      | Noticed Natasha
  2549 | D:3      | Killed Natasha
  2682 | D:3      | Noticed Natasha
  2694 | D:3      | Killed Natasha
  2771 | D:3      | Noticed Natasha
  2780 | D:3      | Killed Natasha
  2781 | D:3      | Reached XP level 6. HP: 57/66 MP: 7/7
  2821 | D:4      | Noticed Edmund
  2825 | D:5      | Entered Level 5 of the Dungeon
  2980 | D:5      | Found a staircase to the Ecumenical Temple.
  3173 | D:5      | Reached ** piety under Fedhas
  3316 | D:5      | Noticed a wyvern
  3324 | D:5      | Killed a wyvern
  3325 | D:5      | Reached XP level 7. HP: 74/74 MP: 7/9
  3755 | D:6      | Reached skill level 5 in Unarmed Combat
  3906 | D:6      | Reached skill level 5 in Shields
  3909 | D:6      | Reached XP level 8. HP: 81/84 MP: 10/10
  4735 | D:6      | Learned a level 2 spell: Passwall
  5222 | D:6      | Noticed a troll
  5227 | D:6      | Killed a troll
  5229 | D:6      | Reached XP level 9. HP: 96/96 MP: 11/11
  5253 | D:6      | Found a snail-covered altar of Cheibriados.
  5314 | D:6      | Reached *** piety under Fedhas
  5758 | D:7      | Noticed Menkaure
  5765 | D:7      | Killed Menkaure
  5884 | D:7      | Found a shimmering altar of Xom.
  6175 | D:8      | Noticed a two-headed ogre
  6207 | D:8      | Found Suvoceuss's Book Emporium.
  6228 | D:8      | Reached **** piety under Fedhas
  6253 | D:8      | Found an iron altar of Okawaru.
  6277 | D:8      | Reached skill level 5 in Invocations
  6286 | D:8      | Reached XP level 10. HP: 58/107 MP: 14/14
  6332 | D:8      | Found a shimmering altar of Xom.
  6332 | D:8      | Found the +7 mace of Variability {chaos, chaos arc}
  6418 | D:8      | Killed a two-headed ogre
  6501 | D:8      | Found a hide-covered altar of Uskayaw.
  6624 | D:8      | Found a sparkling altar of Nemelex Xobeh.
  6700 | D:8      | You fall into a shaft and drop 2 floors!
  6700 | D:10     | Entered Level 10 of the Dungeon
  6734 | D:10     | Noticed a death yak
  6734 | D:10     | Noticed a death yak
  6766 | D:10     | Killed a death yak
  6934 | D:9      | Reached skill level 10 in Fighting
  6959 | D:9      | Noticed Maurice
  6970 | D:9      | Killed Maurice
  6971 | D:9      | Reached XP level 11. HP: 60/119 MP: 9/17
  7015 | D:9      | Found a flagged portal.
  7025 | Bailey   | Entered a bailey
  7169 | Bailey   | Reached skill level 10 in Unarmed Combat
  7273 | Bailey   | Noticed an orc knight
  7277 | Bailey   | Killed an orc knight
  7406 | D:9      | Noticed a two-headed ogre
  7406 | D:9      | Noticed a four-headed hydra
  7414 | D:9      | Killed a two-headed ogre
  7421 | D:9      | Killed a four-headed hydra
  7503 | D:9      | Found a shimmering blue altar of Sif Muna.
  7846 | D:9      | Found a basalt altar of Yredelemnul.
  7880 | D:10     | Noticed a death yak
  7901 | D:10     | Killed a death yak
  7905 | D:10     | Killed a death yak
  7941 | D:10     | Found a broken altar of Ashenzari.
  8017 | D:10     | Found a staircase to the Lair.
  8149 | D:10     | Found a large runed translucent door.
  8149 | D:10     | Found a large runed translucent door.
  8220 | D:10     | Found a stormy altar of Qazlal.
  8292 | D:10     | Identified a scroll of acquirement
  8305 | D:10     | Acquired 670 gold pieces
  8576 | D:10     | Noticed BlueFalcon's ghost (novice DsGl)
  8647 | D:11     | Noticed Psyche
  8666 | D:11     | Killed Psyche
  8711 | D:11     | Noticed a cyclops
  8712 | D:11     | Noticed a green ugly thing
  8729 | D:11     | Killed a cyclops
  8735 | D:11     | Killed a green ugly thing
  8736 | D:11     | Reached XP level 12. HP: 94/132 MP: 18/18
  8745 | D:11     | Noticed a soul eater
  8856 | D:11     | Noticed Nergalle
  8867 | D:11     | Killed Nergalle
  8960 | D:11     | Found Cigorani's Antique Weapon Shop.
  8964 | D:11     | Noticed a two-headed ogre
  8972 | D:11     | Killed a two-headed ogre
  9376 | D:11     | Reached ***** piety under Fedhas
  9393 | D:11     | Noticed Josephine
  9406 | D:11     | Reached skill level 10 in Shields
  9406 | D:11     | Killed from afar by Josephine

Illustrated notes

Levels and vault maps discovered:
D:1:      mrwooster_arrival_statue_2, layout_basic
D:2:      layout_loops_ring, basic_altar,
          hellmonk_ecumenical_altar_heavens_door, serial_bayou_lagoon_b
D:3:      layout_loops_ring, portal_sewer_entry_b,
          minmay_misc_feat_more_columns, uniq_natasha
D:4:      layout_loops_ring, uniq_pikel, uniq_edmund
D:5:      layout_rooms, minmay_temple_entry_wispy
D:6:      kennysheep_housing_project, layout_cave_pools, marbit_many_paths,
          serial_bayou_lagoon_a, nicolae_grassy_gnolls
D:7:      layout_loops_ring, mainiacjoe_overflow_cross_hatched,
          grunt_ministairs_11, uniq_menkaure
D:8:      layout_basic, okawaru_ov_weapons_minmay,
          mainiacjoe_overflow_tiny_flanked, nemelex_spade_bored_becter,
          serial_shops, nicolae_shop_stone, kennysheep_crisscross,
          minmay_guarded_unrand_variability
D:9:      layout_cross, tgw_sif, yredelemnul_forgotten_temple_becter,
          enter_bailey_3, hangedman_decor_lopped,
          chequers_serial_rivers_large_b, uniq_maurice
D:10:     layout_irregular_city, evilmike_ruin_ashenzari,
          nicolae_overflow_hidden_temple, dpeg_lair_monsters,
          ebering_ghost_disaster_area, serial_bayou_pond_e
D:11:     layout_stronghold, serial_shops, shop, minmay_joined_circles,
          uniq_josephine, uniq_nergalle, uniq_psyche

Skill      XL: |  1  2  3  4  5  6  7  8  9 10 11 12 |
---------------+-------------------------------------+-----
Unarmed Combat | 2 3 4 5 7 8 9 11 12 | 12.3
Invocations    | 1 2 5 8 |  8.0
Fighting       | 5 6 8 9 10 12 | 12.8
Shields        | 4 5 6 7 8 9 10 | 10.0
Dodging        | |  2.6

Action                     |  1- 3 |  4- 6 |  7- 9 | 10-12 || total
---------------------------+-------+-------+-------+-------++-------
  Melee: Unarmed           |   158 |   191 |   232 |   324 ||   905
  Throw: Boomerang         |       |    54 |    49 |    16 ||   119
 Invoke: Grow Ballistomyce |       |       |       |     3 ||     3
         Overgrow          |       |       |       |     4 ||     4
  Evoke: Wand              |       |     2 |    10 |     1 ||    13
    Use: Potion            |     4 |     1 |     1 |       ||     6
         Scroll            |       |    12 |     1 |     7 ||    20
   Stab: Confused          |       |       |       |     1 ||     1
 Armour: Robe              |    39 |    63 |    42 |       ||   144
         Skin              |       |     5 |       |     2 ||     7
         Troll leather arm |       |       |    25 |    86 ||   111
  Dodge: Dodged            |    50 |    90 |    77 |   121 ||   338
  Block: Kite shield       |    68 |    59 |   116 |   197 ||   440
         Reflection        |       |       |       |     9 ||     9

Table legend: (Time is in decaauts)
 A = Elapsed time spent in this place.
 B = Non-inter-level travel time spent in this place.
 C = Inter-level travel time spent in this place.
 D = Time resting spent in this place.
 E = Time spent auto-exploring this place.
 F = Levels seen in this place.
 G = Mean time per level.
                   A        B        C        D        E       F      G
               +--------+--------+--------+--------+--------+-----+--------+
         Total |   9469 |   9219 |    250 |    235 |   6510 |  12 |  789.1 |
       Dungeon |   9199 |   8949 |    250 |    235 |   6382 |  11 |  836.3 |
        Bailey |    269 |    269 |      0 |      0 |    128 |   1 |  269.0 |
               +--------+--------+--------+--------+--------+-----+--------+

Top non-repeatable levels by time:
     D:6: 1832 daAuts
     D:3: 1151 daAuts
    D:10: 974 daAuts
     D:2: 904 daAuts
     D:7: 838 daAuts
     D:1: 768 daAuts
    D:11: 765 daAuts
     D:5: 728 daAuts
     D:9: 673 daAuts
     D:8: 535 daAuts
  Bailey: 269 daAuts
     D:4: 27 daAuts
